[Event "42nd Olympiad Baku 2016 Women"]
[Site "Baku"]
[Date "2016.09.02"]
[Round "1.32"]
[White "Kabamba Mulwale Bwalya"]
[Black "Navrotescu, Andreea-Cristiana"]
[Result "0-1"]
[ECO "A48"]
[WhiteElo "1683"]
[BlackElo "2235"]
[PlyCount "58"]
[EventDate "2016.??.??"]
[EventCountry "AZE"]
[WhiteTeam "Sambia"]
[BlackTeam "Frankreich"]
[WhiteTeamCountry "ZAM"]
[BlackTeamCountry "FRA"]
[TimeControl "40/5400+30:1800+30"]
[WhiteClock "0:08:43"]
[BlackClock "0:13:13"]

1. d4 {(00:00} Nf6 {(00:00} 2. Nf3 {(00:00} g6 {
(00:00} 3. Bf4 {(00:08} Bg7 {(00:26} 4. e3 {(00:
12} d6 {(00:32} 5. Be2 {(00:12} O-O {(00:43} 6. O-O {
(00:19} Nbd7 {(01:31} 7. h3 {(04:49} b6 {(02:54]
} 8. Nbd2 {(00:59} Bb7 {(00:29} 9. c3 {(01:01} c5 {
(01:40} 10. Re1 {(02:13} Ne8 {(10:19} 11. Nb3 {(
22:39} e5 {(09:50} 12. dxe5 {(01:32} dxe5 {(00:01} 13.
Bh2 {(01:37} Qe7 {(03:53} 14. Qc2 {(03:49} Nd6 {
(07:24} 15. Rad1 {(07:41} Rad8 {(00:36} 16. Nfd2 {
(08:43} Nf6 {(16:40} 17. f3 {(13:15} Nd5 {(02:
18} 18. Nf1 {(00:57} Nf5 {(05:23} 19. Bd3 {(01:43} Nh4
{(01:52} 20. Qf2 {(08:12} Nc7 {(14:41} 21. e4 {(
01:28} Ne6 {(04:20} 22. g3 {(00:53} Ng5 {(00:11} 23.
Kh1 {(03:42} Nhxf3 {(00:39} 24. Re3 {(06:02} Nxh2 {
(01:00} 25. Kxh2 {(00:26} c4 {(00:28} 26. h4 {(
01:41} Ne6 {(01:13} 27. Bc2 {(00:46} cxb3 {(00:30} 28.
Rxd8 {(00:19} Rxd8 {(01:27} 29. Bxb3 {(00:29} Nc5 {
(00:17} 0-1

[Event "42nd Olympiad Baku 2016 Women"]
[Site "Baku"]
[Date "2016.09.02"]
[Round "1.18"]
[White "Kalaiyalahan, Akshaya"]
[Black "Jehad, Aysha"]
[Result "1-0"]
[ECO "D27"]
[WhiteElo "2017"]
[BlackElo "1668"]
[PlyCount "109"]
[EventDate "2016.??.??"]
[EventCountry "AZE"]
[WhiteTeam "England"]
[BlackTeam "Vereinigte Arabische Emirate"]
[WhiteTeamCountry "ENG"]
[BlackTeamCountry "UAE"]
[TimeControl "40/5400+30:1800+30"]
[WhiteClock "0:47:56"]
[BlackClock "0:14:19"]

1. d4 {(00:00} d5 {(00:00} 2. c4 {(00:00} dxc4 {
(00:00} 3. Nf3 {(00:00} Nf6 {(00:00} 4. e3 {(00:
00} e6 {(00:07} 5. Bxc4 {(00:09} c5 {(00:22} 6. O-O {
(00:21} a6 {(00:46} 7. Bd3 {(00:17} b5 {(10:44}
8. a4 {(00:33} c4 {(03:42} 9. Be2 {(00:14} Bb7 {
(07:26} 10. b3 {(01:13} Nbd7 {(26:41} 11. bxc4 {
(02:41} bxc4 {(01:04} 12. Bxc4 {(03:57} Qc7 {(
06:07} 13. Be2 {(05:20} Bd6 {(05:14} 14. h3 {(10:36}
O-O {(02:28} 15. Ba3 {(01:14} Ne4 {(06:18} 16. Bxd6 {
(15:01} Qxd6 {(02:20} 17. Nfd2 {(08:44} Ndf6 {(
06:40} 18. Nxe4 {(03:50} Nxe4 {(00:37} 19. Bf3 {(00:39]
} Rac8 {(05:27} 20. Qd3 {(08:29} Nc5 {(10:43} 21. Qa3 {
(04:06} Bxf3 {(01:39} 22. dxc5 {(05:07} Qd5 {(
01:56} 23. gxf3 {(00:49} Qxf3 {(00:22} 24. Nd2 {(04:45]
} Qxh3 {(00:32} 25. e4 {(00:21} Qh6 {(00:43} 26. Qe3 {
(01:41} Qg6+ {(00:22} 27. Qg3 {(00:28} Qxg3+ {(
00:11} 28. fxg3 {(00:05} Rxc5 {(00:06} 29. Rfc1 {(00:
34} Rfc8 {(00:20} 30. Nb3 {(00:28} Rc4 {(01:15} 31.
Rxc4 {(00:16} Rxc4 {(00:03} 32. Rc1 {(00:03} Rxc1+ {
(00:08} 33. Nxc1 {(00:04} Kf8 {(00:50} 34. Nd3 {
(04:28} Ke7 {(00:48} 35. Nb4 {(02:15} Kd6 {(00:
54} 36. Nxa6 {(00:11} Kc6 {(00:25} 37. Nb4+ {(01:02}
Kb6 {(00:35} 38. Nd3 {(01:34} Ka5 {(00:26} 39. Nb2 {
(00:12} Kb4 {(00:22} 40. Kf2 {(00:00} e5 {(00:
00} 41. Nd3+ {(02:45} Kxa4 {(00:47} 42. Nxe5 {(00:04}
f6 {(00:06} 43. Nd7 {(00:12} Kb5 {(08:10} 44. Nf8 {
(00:30} h5 {(03:02} 45. Ne6 {(00:13} g5 {(01:18]
} 46. Ng7 {(01:16} h4 {(01:37} 47. gxh4 {(01:08} gxh4 {
(00:36} 48. Nh5 {(00:48} Kc5 {(01:31} 49. Nxf6 {
(00:13} Kd4 {(00:59} 50. Kf3 {(00:07} Ke5 {(01:
55} 51. Ng4+ {(00:03} Kd6 {(01:24} 52. Nf2 {(00:13}
Ke5 {(01:17} 53. Kg4 {(00:05} Ke6 {(01:06} 54. Kxh4 {
(00:05} Ke5 {(00:10} 55. Kg4 {(00:05} 1-0

[Event "42nd Olympiad Baku 2016 Women"]
[Site "Baku"]
[Date "2016.09.02"]
[Round "1.30"]
[White "Kannappan, Sigappi"]
[Black "Heinatz, Gundula"]
[Result "0-1"]
[ECO "B59"]
[WhiteElo "1864"]
[BlackElo "2205"]
[PlyCount "144"]
[EventDate "2016.??.??"]
[EventCountry "AZE"]
[WhiteTeam "Hongkong"]
[BlackTeam "Schweiz"]
[WhiteTeamCountry "HKG"]
[BlackTeamCountry "SUI"]
[TimeControl "40/5400+30:1800+30"]
[WhiteClock "0:03:24"]
[BlackClock "0:12:51"]

1. e4 {(00:00} c5 {(00:00} 2. Nf3 {(00:00} Nc6 {
(00:00} 3. d4 {(00:00} cxd4 {(00:02} 4. Nxd4 {(
00:00} Nf6 {(00:43} 5. Nc3 {(00:02} d6 {(00:34} 6. Be2
{(03:20} e5 {(05:26} 7. Nb3 {(00:16} Be7 {(01:
51} 8. O-O {(00:11} O-O {(01:36} 9. Kh1 {(00:08} Be6 {
(01:34} 10. f4 {(10:43} exf4 {(02:02} 11. Bxf4 {
(00:34} Ne5 {(01:18} 12. Nd4 {(06:21} Qd7 {(02:
42} 13. Bb5 {(06:02} Qc8 {(03:11} 14. Nxe6 {(14:23}
Qxe6 {(00:13} 15. Qe2 {(05:00} Rac8 {(02:43} 16. Rad1 {
(01:23} Ng6 {(06:29} 17. Bg3 {(01:16} a6 {(10:
32} 18. Bd3 {(02:37} Rfe8 {(04:20} 19. e5 {(01:11}
dxe5 {(05:24} 20. Bf5 {(00:18} Qc4 {(00:25} 21. Bxc8 {
(00:25} Qxc8 {(00:06} 22. Ne4 {(04:32} Qe6 {(05:
56} 23. c4 {(02:15} h6 {(01:44} 24. Nxf6+ {(02:50}
Bxf6 {(00:11} 25. Qe4 {(00:19} Qb6 {(00:44} 26. b3 {
(04:12} Nf8 {(02:29} 27. Bf2 {(02:07} Qc7 {(06:
09} 28. Be3 {(00:45} Bg5 {(03:07} 29. Bxg5 {(06:15}
hxg5 {(00:01} 30. Rf5 {(02:03} f6 {(02:42} 31. h4 {
(06:37} Ne6 {(03:27} 32. hxg5 {(03:57} Nxg5 {(
00:09} 33. Qd5+ {(00:26} Qf7 {(01:43} 34. Rf2 {(01:34}
Ne6 {(02:20} 35. Rd3 {(01:15} e4 {(05:11} 36. Re3 {
(05:20} Ng5 {(03:18} 37. Qxf7+ {(02:29} Kxf7 {(
00:02} 38. Rd2 {(01:42} Ke6 {(00:25} 39. Rd5 {(00:47}
f5 {(02:24} 40. Kg1 {(00:00} Nh7 {(00:00} 41. g4 {
(02:30} g6 {(02:33} 42. Rh3 {(02:53} Nf6 {(01:
04} 43. gxf5+ {(00:07} gxf5 {(00:05} 44. Rh6 {(00:14}
Rg8+ {(04:39} 45. Kf2 {(00:17} f4 {(02:25} 46. Rd4 {
(13:21} Ke5 {(03:16} 47. Rxf6 {(00:23} Kxd4 {(
01:36} 48. Rxf4 {(00:10} Rh8 {(03:06} 49. Rf7 {(06:22}
Rh2+ {(01:09} 50. Ke1 {(00:19} Kd3 {(06:32} 51. Rd7+ {
(03:23} Ke3 {(00:05} 52. Kd1 {(00:55} Rh1+ {(04:
55} 53. Kc2 {(00:04} Ke2 {(00:48} 54. Rxb7 {(02:25} e3
{(00:08} 55. Rf7 {(02:02} Ke1 {(04:59} 56. c5 {(
03:47} Rh5 {(03:51} 57. b4 {(00:52} Rh4 {(00:18} 58.
a3 {(00:08} e2 {(00:21} 59. Rf5 {(01:24} Rd4 {(
01:49} 60. Kc3 {(00:56} Rd2 {(00:56} 61. c6 {(01:01}
Kd1 {(00:26} 62. Re5 {(01:01} Rc2+ {(00:31} 63. Kd3 {
(00:14} Rxc6 {(00:26} 64. Rxe2 {(01:25} Rd6+ {(
00:07} 65. Kc4 {(00:23} Kxe2 {(00:11} 66. Kc5 {(00:10}
Rh6 {(00:24} 67. a4 {(00:09} Kd3 {(00:45} 68. b5 {
(00:17} a5 {(01:16} 69. b6 {(00:05} Rh5+ {(00:
44} 70. Kc6 {(00:04} Kc4 {(00:08} 71. b7 {(00:25} Rh8
{(00:16} 72. Kb6 {(01:15} Kb4 {(00:07} 0-1

[Event "42nd Olympiad Baku 2016 Women"]
[Site "Baku"]
[Date "2016.09.02"]
[Round "1.27"]
[White "Kazarian, Anna-Maja"]
[Black "February, Jesse Nikki"]
[Result "1-0"]
[ECO "C05"]
[WhiteElo "2231"]
[BlackElo "1922"]
[PlyCount "49"]
[EventDate "2016.??.??"]
[EventCountry "AZE"]
[WhiteTeam "Niederlande"]
[BlackTeam "Südafrika"]
[WhiteTeamCountry "NED"]
[BlackTeamCountry "RSA"]
[TimeControl "40/5400+30:1800+30"]
[WhiteClock "1:03:11"]
[BlackClock "0:03:00"]

1. e4 {(00:00} e6 {(00:00} 2. d4 {(00:00} d5 {(
00:00} 3. Nd2 {(00:00} Nf6 {(00:46} 4. e5 {(00:00}
Nfd7 {(00:07} 5. Bd3 {(00:00} c5 {(00:36} 6. c3 {
(00:07} Nc6 {(00:10} 7. Ne2 {(00:08} Qb6 {(01:
03} 8. Nf3 {(00:26} cxd4 {(01:17} 9. cxd4 {(00:09} f6
{(00:20} 10. exf6 {(00:07} Nxf6 {(00:08} 11. O-O {
(00:06} Bd6 {(03:11} 12. Bf4 {(00:13} Bxf4 {(10:
23} 13. Nxf4 {(00:06} O-O {(00:31} 14. Re1 {(05:14} e5
{(20:20} 15. dxe5 {(03:01} Ng4 {(01:37} 16. Nh3 {
(12:38} Be6 {(09:14} 17. Bxh7+ {(09:11} Kxh7 {(
07:00} 18. Nfg5+ {(00:26} Kg8 {(08:11} 19. Nxe6 {(00:
07} Nxf2 {(07:58} 20. Nxf2 {(00:33} Rxf2 {(03:45} 21.
Kh1 {(00:48} Re8 {(16:01} 22. Ng5 {(04:01} Qd4 {
(05:10} 23. Qh5 {(00:52} Kf8 {(01:05} 24. Qh8+ {
(01:02} Ke7 {(00:07} 25. Qxg7+ {(00:04} 1-0

[Event "42nd Olympiad Baku 2016 Women"]
[Site "Baku"]
[Date "2016.09.02"]
[Round "1.16"]
[White "Kazimova, Narmin"]
[Black "Moraga, Maria"]
[Result "1-0"]
[ECO "D31"]
[WhiteElo "2302"]
[BlackElo "1732"]
[PlyCount "81"]
[EventDate "2016.??.??"]
[EventCountry "AZE"]
[WhiteTeam "Aserbeidschan"]
[BlackTeam "Nicaragua"]
[WhiteTeamCountry "AZE"]
[BlackTeamCountry "NCA"]
[TimeControl "40/5400+30:1800+30"]
[WhiteClock "0:30:38"]
[BlackClock "0:31:44"]

1. d4 {(00:00} d5 {(00:00} 2. c4 {(00:00} e6 {(
00:47} 3. Nc3 {(00:00} Bb4 {(00:16} 4. Nf3 {(01:09}
Nc6 {(01:02} 5. e3 {(02:03} Nf6 {(01:01} 6. a3 {
(05:10} Bxc3+ {(02:21} 7. bxc3 {(03:16} O-O {(
02:36} 8. Bd3 {(01:09} dxc4 {(04:31} 9. Bxc4 {(00:18}
e5 {(06:55} 10. Qc2 {(13:17} e4 {(11:20} 11. Nd2 {
(01:37} Re8 {(03:24} 12. h3 {(05:49} Qd7 {(11:
56} 13. Be2 {(08:00} Qf5 {(06:58} 14. Bb2 {(06:54} Qg5
{(09:06} 15. g3 {(03:25} Nd8 {(10:34} 16. c4 {(
04:43} c6 {(02:36} 17. Bf1 {(03:14} Bf5 {(03:59} 18.
Bg2 {(04:12} Bg6 {(04:19} 19. a4 {(03:02} b6 {(
02:52} 20. Nb3 {(11:56} Nb7 {(03:09} 21. O-O {(00:15}
h5 {(01:31} 22. h4 {(05:04} Qg4 {(02:18} 23. a5 {
(00:58} Qe6 {(02:39} 24. Rfd1 {(02:00} Bf5 {(00:
53} 25. a6 {(06:25} Nd8 {(01:28} 26. d5 {(03:58} cxd5
{(00:39} 27. Nd4 {(00:09} Qc8 {(01:07} 28. Nxf5 {
(00:31} Qxf5 {(00:50} 29. Bxf6 {(00:42} Qxf6 {(
00:24} 30. cxd5 {(00:04} Qe5 {(01:06} 31. Ra4 {(01:46}
f5 {(00:16} 32. Rad4 {(01:34} Qd6 {(00:28} 33. Qe2 {
(01:38} g6 {(00:22} 34. Rc1 {(00:24} Re5 {(00:
36} 35. Bf1 {(01:14} Kg7 {(01:01} 36. Qb2 {(00:49} Kh6
{(00:30} 37. Bb5 {(00:41} Kh7 {(00:55} 38. Kg2 {
(00:50} Rxd5 {(00:59} 39. Rxd5 {(00:06} Qxd5 {(
00:05} 40. Rc7+ {(00:00} Nf7 {(00:00} 41. Bc4 {(01:30}
1-0

[Event "42nd Olympiad Baku 2016 Women"]
[Site "Baku"]
[Date "2016.09.02"]
[Round "1.3"]
[White "Khamboo, Monalisa"]
[Black "Agbabishvili, Lali"]
[Result "0-1"]
[ECO "A48"]
[WhiteElo "1740"]
[BlackElo "2064"]
[PlyCount "58"]
[EventDate "2016.??.??"]
[EventCountry "AZE"]
[WhiteTeam "Nepal"]
[BlackTeam "Kanada"]
[WhiteTeamCountry "NEP"]
[BlackTeamCountry "CAN"]
[TimeControl "40/5400+30:1800+30"]
[WhiteClock "0:04:00"]
[BlackClock "0:41:11"]

1. d4 {(00:00} Nf6 {(00:00} 2. Nf3 {(00:00} g6 {
(00:00} 3. c4 {(06:44} Bg7 {(00:00} 4. Nc3 {(00:
10} O-O {(00:20} 5. e3 {(00:31} d6 {(00:57} 6. Be2 {
(00:26} c6 {(00:16} 7. O-O {(00:09} Nbd7 {(02:
17} 8. Re1 {(01:33} e5 {(00:29} 9. dxe5 {(01:06} dxe5
{(00:04} 10. e4 {(00:33} Qc7 {(00:29} 11. Qc2 {(
05:15} Re8 {(00:36} 12. Bg5 {(03:51} Nc5 {(04:07} 13.
Rad1 {(06:42} Ne6 {(00:56} 14. g3 {(31:21} Nxg5 {
(16:39} 15. Nxg5 {(02:27} h6 {(00:10} 16. Nf3 {(
00:27} Bf8 {(00:57} 17. Kg2 {(02:29} Be6 {(02:28} 18.
a3 {(04:42} a5 {(07:21} 19. Na4 {(05:45} b6 {(
03:14} 20. Rd2 {(07:20} Rab8 {(00:40} 21. Red1 {(00:40]
} Qc8 {(09:29} 22. Ng1 {(01:27} b5 {(02:26} 23. cxb5 {
(05:02} cxb5 {(00:07} 24. Qxc8 {(00:31} Rexc8 {(
00:07} 25. Nc3 {(01:12} b4 {(00:12} 26. Nb1 {(01:42}
Nxe4 {(02:23} 27. Rd3 {(05:20} bxa3 {(04:48} 28. bxa3 {
(01:30} Bc5 {(01:12} 29. f3 {(01:35} Nf2 {(00:
35} 0-1

[Event "42nd Olympiad Baku 2016 Women"]
[Site "Baku"]
[Date "2016.09.02"]
[Round "1.18"]
[White "Khotenashvili, Bela"]
[Black "Lagutina, Olga"]
[Result "1-0"]
[ECO "A14"]
[WhiteElo "2463"]
[BlackElo "1910"]
[PlyCount "75"]
[EventDate "2016.??.??"]
[EventCountry "AZE"]
[WhiteTeam "Georgien"]
[BlackTeam "Russland"]
[WhiteTeamCountry "GEO"]
[BlackTeamCountry "RUS"]
[TimeControl "40/5400+30:1800+30"]
[WhiteClock "0:02:41"]
[BlackClock "0:00:43"]

1. Nf3 {(00:00} Nf6 {(00:00} 2. c4 {(00:30} e6 {
(00:26} 3. g3 {(00:15} Be7 {(00:55} 4. Bg2 {(00:
24} d5 {(00:52} 5. O-O {(00:33} O-O {(00:12} 6. b3 {
(00:39} Nbd7 {(03:33} 7. Bb2 {(00:58} c6 {(00:
57} 8. d3 {(01:14} b6 {(01:32} 9. Qc2 {(01:10} Bb7 {
(01:48} 10. e4 {(02:19} c5 {(16:38} 11. cxd5 {(
07:07} exd5 {(01:21} 12. e5 {(00:05} Ne8 {(04:50} 13.
d4 {(00:30} Rc8 {(09:06} 14. Qe2 {(03:03} Nc7 {(
00:39} 15. Rd1 {(00:23} Ba6 {(11:50} 16. Qe3 {(02:49}
c4 {(08:02} 17. Nc3 {(12:49} b5 {(03:24} 18. bxc4 {
(00:06} bxc4 {(03:43} 19. h4 {(01:32} Nb6 {(02:
40} 20. Ng5 {(01:47} Ne6 {(02:46} 21. a4 {(06:18} Bb7
{(07:17} 22. a5 {(05:22} Na8 {(00:34} 23. f4 {(
10:24} Nac7 {(02:14} 24. Bh3 {(02:23} Bc6 {(02:24} 25.
Bc1 {(06:50} Rb8 {(02:10} 26. Nf3 {(11:27} Nb5 {
(03:23} 27. Ne2 {(01:57} Bb4 {(02:03} 28. f5 {(
01:14} Nec7 {(00:23} 29. Bd2 {(07:42} Bxd2 {(02:19}
30. Rxd2 {(00:06} Qe7 {(01:31} 31. f6 {(08:15} Qd8 {
(03:29} 32. fxg7 {(01:46} Kxg7 {(00:10} 33. Nf4 {
(00:14} f5 {(01:51} 34. exf6+ {(01:47} Kh8 {(00:
19} 35. Nh5 {(00:51} Ne8 {(00:28} 36. Ne5 {(00:46} Qc7
{(00:56} 37. f7 {(00:31} Ng7 {(01:02} 38. Ng6+ {
(00:13} 1-0

[Event "42nd Olympiad Baku 2016 Women"]
[Site "Baku"]
[Date "2016.09.02"]
[Round "1.22"]
[White "Klinova, Masha"]
[Black "Munoz, Alba"]
[Result "1-0"]
[ECO "B19"]
[WhiteElo "2290"]
[BlackElo "1704"]
[PlyCount "55"]
[EventDate "2016.??.??"]
[EventCountry "AZE"]
[WhiteTeam "Israel"]
[BlackTeam "Panama"]
[WhiteTeamCountry "ISR"]
[BlackTeamCountry "PAN"]
[TimeControl "40/5400+30:1800+30"]
[WhiteClock "0:25:12"]
[BlackClock "0:02:03"]

1. e4 {(00:00} c6 {(00:00} 2. d4 {(00:02} d5 {(
00:00} 3. Nc3 {(00:05} dxe4 {(00:12} 4. Nxe4 {(00:06}
Bf5 {(00:19} 5. Ng3 {(00:14} Bg6 {(00:12} 6. h4 {
(00:13} h6 {(00:19} 7. Nf3 {(00:05} Nd7 {(01:10]
} 8. h5 {(00:10} Bh7 {(00:18} 9. Bd3 {(00:04} Bxd3 {
(00:06} 10. Qxd3 {(00:04} e6 {(00:37} 11. Bd2 {(
00:14} Ngf6 {(00:51} 12. O-O-O {(00:21} Qc7 {(00:54}
13. Kb1 {(00:54} O-O-O {(00:54} 14. c4 {(14:28} Kb8 {
(12:03} 15. Ne2 {(09:31} c5 {(20:55} 16. Qc2 {(
13:47} Bd6 {(10:15} 17. Nc3 {(11:27} a6 {(10:26} 18.
d5 {(05:06} exd5 {(00:56} 19. Nxd5 {(01:32} Nxd5 {
(05:46} 20. cxd5 {(00:04} Nf6 {(00:20} 21. Bc3 {
(01:48} Ne8 {(18:18} 22. Rhe1 {(03:15} Qd7 {(03:
44} 23. Ne5 {(06:57} Qc7 {(04:39} 24. Nc4 {(00:58} Bf8
{(05:16} 25. Ba5 {(01:28} Qd7 {(00:34} 26. Bxd8 {
(00:45} Qxd8 {(00:05} 27. Qf5 {(04:07} Nf6 {(02:
18} 28. d6 {(01:03} 1-0

[Event "42nd Olympiad Baku 2016 Women"]
[Site "Baku"]
[Date "2016.09.02"]
[Round "1.28"]
[White "Klotz, Jutta"]
[Black "Sucikova, Svetlana"]
[Result "1/2-1/2"]
[ECO "A26"]
[WhiteElo "1490"]
[BlackElo "2112"]
[PlyCount "83"]
[EventDate "2016.??.??"]
[EventCountry "AZE"]
[WhiteTeam "Malta"]
[BlackTeam "Slowakei"]
[WhiteTeamCountry "MLT"]
[BlackTeamCountry "SVK"]
[TimeControl "40/5400+30:1800+30"]
[WhiteClock "0:33:22"]
[BlackClock "0:19:21"]

1. c4 {(00:00} e5 {(00:30} 2. Nc3 {(00:00} Nc6 {
(01:18} 3. g3 {(00:00} g6 {(00:12} 4. Bg2 {(01:
26} Bg7 5. d3 d6 {(01:04} 6. Nf3 {(01:41} f5 {(00:21}
7. O-O {(00:41} Nf6 {(00:42} 8. Rb1 {(05:17} a5 {
(01:28} 9. Bg5 {(01:47} h6 {(02:01} 10. Bxf6 {(
01:35} Qxf6 {(04:17} 11. Nd5 {(03:43} Qf7 {(01:42} 12.
a3 {(05:08} O-O {(04:30} 13. b4 {(02:54} axb4 {(
01:33} 14. axb4 {(00:12} Be6 {(04:30} 15. b5 {(06:54}
Nd8 {(08:18} 16. b6 {(05:19} Bxd5 {(09:10} 17. cxd5 {
(02:13} c6 {(10:00} 18. dxc6 {(02:46} bxc6 {(00:
01} 19. Nd2 {(03:29} Qb7 {(06:13} 20. Qb3+ {(05:14}
Kh7 {(05:25} 21. Rfc1 {(08:06} Ra6 {(06:05} 22. Qb4 {
(08:07} d5 {(07:39} 23. e3 {(05:06} Rf6 {(01:38]
} 24. e4 {(05:35} Bf8 {(06:16} 25. Qb3 {(04:56} Ra3 {
(05:51} 26. Qc2 {(01:56} d4 {(02:34} 27. Nc4 {(
00:32} Rc3 {(00:16} 28. Qd1 {(02:29} Rxc1 {(01:28} 29.
Qxc1 {(00:33} Qb8 {(00:08} 30. Qb2 {(04:37} f4 {
(02:14} 31. Qe2 {(05:37} Nb7 {(01:54} 32. Bf3 {(
02:38} Nc5 {(03:02} 33. Kg2 {(00:08} fxg3 {(00:48} 34.
fxg3 {(00:55} Rf7 {(00:03} 35. Rf1 {(00:37} Na4 {
(01:10} 36. Bg4 {(00:17} Rb7 {(01:56} 37. Qf3 {(
01:03} Bg7 {(00:16} 38. Be6 {(01:40} Nxb6 {(01:12} 39.
Nxb6 {(00:20} Rxb6 {(00:02} 40. Qf7 {(00:00} Rb7 {
(00:00} 41. Qf3 {(01:32} Rb2+ {(13:22} 42. Rf2 {
(00:35} 1/2-1/2

[Event "42nd Olympiad Baku 2016 Women"]
[Site "Baku"]
[Date "2016.09.02"]
[Round "1.9"]
[White "Kosteniuk, Alexandra"]
[Black "Arakhamia-Grant, Ketevan"]
[Result "1-0"]
[ECO "B32"]
[WhiteElo "2538"]
[BlackElo "2381"]
[PlyCount "111"]
[EventDate "2016.??.??"]
[EventCountry "AZE"]
[WhiteTeam "Russland"]
[BlackTeam "Schottland"]
[WhiteTeamCountry "RUS"]
[BlackTeamCountry "SCO"]
[TimeControl "40/5400+30:1800+30"]
[WhiteClock "0:33:00"]
[BlackClock "0:00:53"]

1. e4 {(00:00} c5 {(00:00} 2. Nf3 {(00:00} Nc6 {
(00:00} 3. d4 {(00:00} cxd4 {(00:00} 4. Nxd4 {(
00:00} e5 {(00:06} 5. Nb5 {(00:00} d6 {(00:07} 6. c4 {
(00:22} Be7 {(00:35} 7. N1c3 {(00:23} a6 {(00:
19} 8. Na3 {(00:05} Be6 {(00:25} 9. Nc2 {(00:36} Rc8 {
(01:00} 10. Be2 {(00:50} Na5 {(13:34} 11. b3 {(
00:33} b5 {(01:14} 12. Nd5 {(02:35} bxc4 {(20:19} 13.
O-O {(03:07} Bxd5 {(13:14} 14. exd5 {(01:15} Nf6 {
(00:29} 15. b4 {(02:20} Nb7 {(05:15} 16. Ne3 {(
01:14} a5 {(01:28} 17. Bxc4 {(09:23} O-O {(03:34} 18.
a3 {(04:29} Nd7 {(14:44} 19. Ba6 {(03:27} Rb8 {(
01:32} 20. Qc2 {(06:53} Bf6 {(10:18} 21. Bd2 {(06:11}
e4 {(01:24} 22. Rab1 {(01:56} axb4 {(00:50} 23. axb4 {
(00:11} Qe7 {(01:37} 24. Rfe1 {(02:47} Be5 {(02:
47} 25. Nf5 {(04:02} Qf6 {(00:16} 26. Ng3 {(14:00}
Bxg3 {(01:14} 27. hxg3 {(00:02} Qd4 {(00:47} 28. Bf4 {
(05:37} Qxd5 {(02:38} 29. Rbd1 {(04:43} Qf5 {(
01:54} 30. Qc6 {(04:19} Rfc8 {(01:34} 31. Qxe4 {(00:13]
} Qxe4 {(01:02} 32. Rxe4 {(00:02} Rd8 {(00:19} 33. Rc4
{(03:40} Nf6 {(01:03} 34. Rc7 {(01:15} Rd7 {(00:
12} 35. Rxd7 {(01:54} Nxd7 {(00:04} 36. Rc1 {(01:29}
Nf8 {(01:27} 37. b5 {(01:48} h6 {(00:32} 38. Rc7 {
(00:15} Nd8 {(00:24} 39. Bxd6 {(00:12} Nfe6 {(
00:35} 40. Ra7 {(00:00} Rb6 {(00:00} 41. Be7 {(09:33}
Rb8 {(03:56} 42. g4 {(00:35} Kh7 {(15:58} 43. f4 {
(01:41} Nd4 {(02:37} 44. Bd6 {(02:16} Rxb5 {(01:
13} 45. Bxb5 {(00:43} Nxb5 {(00:05} 46. Rd7 {(00:16}
Nxd6 {(00:15} 47. Rxd6 {(00:32} Ne6 {(00:17} 48. g3 {
(01:39} g5 {(06:02} 49. f5 {(02:01} Nc5 {(00:10]
} 50. Rd4 {(00:34} Kg7 {(00:54} 51. Kg2 {(00:25} Kf6 {
(03:50} 52. Rd5 {(00:32} Nb3 {(01:05} 53. Kf3 {(
00:28} Nc1 {(00:30} 54. Ke3 {(01:05} Na2 {(00:29} 55.
Kd2 {(00:23} Kg7 {(00:24} 56. Rb5 {(00:09} 1-0

[Event "42nd Olympiad Baku 2016 Women"]
[Site "Baku"]
[Date "2016.09.02"]
[Round "1.4"]
[White "Kremer, Nadine"]
[Black "Guo, Qi"]
[Result "0-1"]
[ECO "C29"]
[WhiteElo "1844"]
[BlackElo "2417"]
[PlyCount "56"]
[EventDate "2016.??.??"]
[EventCountry "AZE"]
[WhiteTeam "Luxemburg"]
[BlackTeam "China"]
[WhiteTeamCountry "LUX"]
[BlackTeamCountry "CHN"]
[TimeControl "40/5400+30:1800+30"]
[WhiteClock "0:00:54"]
[BlackClock "1:05:12"]

1. e4 {(00:00} e5 {(00:00} 2. Nc3 {(00:00} Nf6 {
(00:19} 3. f4 {(00:06} d5 {(01:46} 4. fxe5 {(00:
45} Nxe4 {(00:13} 5. Nf3 {(00:23} Bc5 {(00:15} 6. d4 {
(02:48} Bb4 {(00:05} 7. Bd2 {(02:59} c5 {(00:14]
} 8. Qe2 {(13:27} Bxc3 {(09:01} 9. Bxc3 {(06:57} Nc6 {
(02:08} 10. O-O-O {(27:03} Nxc3 {(00:35} 11. bxc3 {
(00:08} O-O {(03:33} 12. g3 {(10:40} Qa5 {(04:
53} 13. Kb2 {(05:50} Bg4 {(03:18} 14. dxc5 {(07:58}
Nxe5 {(03:00} 15. Qxe5 {(02:40} Bxf3 {(00:07} 16. Bd3 {
(00:05} Bxh1 {(00:12} 17. Rxh1 {(00:11} Qxc5 {(
00:09} 18. Re1 {(01:12} Rac8 {(00:17} 19. h4 {(02:19}
Rc6 {(00:13} 20. h5 {(01:17} Re6 {(00:59} 21. Qf5 {
(00:48} g6 {(00:09} 22. hxg6 {(02:31} hxg6 {(00:
06} 23. Qf1 {(00:12} Rb6+ {(04:06} 24. Kc1 {(00:07}
Qxc3 {(00:05} 25. g4 {(05:34} Re6 {(00:21} 26. Rd1 {
(02:02} Rfe8 {(02:11} 27. Qf2 {(03:56} Re1 {(00:
21} 28. Qh4 {(01:08} Qa1+ {(00:12} 0-1

[Event "42nd Olympiad Baku 2016 Women"]
[Site "Baku"]
[Date "2016.09.02"]
[Round "1.30"]
[White "Krivec, Jana"]
[Black "Kaslan, Catherine"]
[Result "1-0"]
[ECO "B23"]
[WhiteElo "2259"]
[BlackElo "1665"]
[PlyCount "57"]
[EventDate "2016.??.??"]
[EventCountry "AZE"]
[WhiteTeam "Slowenien"]
[BlackTeam "Surinam"]
[WhiteTeamCountry "SLO"]
[BlackTeamCountry "SUR"]
[TimeControl "40/5400+30:1800+30"]
[WhiteClock "0:08:21"]
[BlackClock "0:00:52"]

1. e4 {(00:00} c5 {(00:29} 2. Nc3 {(00:00} d6 {(
00:42} 3. Nf3 {(04:28} Nf6 {(02:53} 4. Bb5+ {(00:39}
Bd7 {(00:59} 5. a4 {(02:04} Nc6 {(05:07} 6. O-O {
(00:17} a6 {(02:46} 7. Bxc6 {(00:41} Bxc6 {(02:
12} 8. Re1 {(00:08} Qc7 {(03:28} 9. d4 {(01:00} cxd4 {
(03:01} 10. Nxd4 {(03:59} e6 {(01:53} 11. Nxc6 {
(07:12} Qxc6 {(01:44} 12. Nd5 {(05:46} Nd7 {(06:
33} 13. Bf4 {(14:06} Rc8 {(08:08} 14. a5 {(08:24} Qb5
{(15:36} 15. Ne3 {(07:12} Qxb2 {(10:24} 16. Bxd6 {
(02:29} Bxd6 {(05:18} 17. Qxd6 {(00:02} Qe5 {(
01:59} 18. Qb4 {(01:15} Qc7 {(06:28} 19. Nf5 {(20:26}
Nc5 {(15:40} 20. Nxg7+ {(00:28} Kf8 {(00:39} 21. Nh5 {
(01:02} Qe5 {(01:08} 22. Ng3 {(00:11} Rg8 {(01:
20} 23. Qd2 {(01:23} Qg7 {(01:43} 24. Qd6+ {(05:07}
Ke8 {(00:20} 25. Rad1 {(04:15} f6 {(00:58} 26. Qf4 {
(02:14} Qc7 {(00:36} 27. Qxf6 {(00:20} Qxa5 {(
00:25} 28. Nf5 {(00:52} Rc6 {(00:39} 29. Qe7# {(00:09}
1-0